 Dungeon Crawl Stone Soup version 0.30-a0-691-g754fce4c43 (webtiles) character file.

Game seed: 471762921192834678

652 browni3141 the Magician (level 7, -11/52 HPs)
             Began as a Djinni Fire Elementalist on Jan 20, 2023.
             Was a Follower of Makhleb.
             Killed by divine providence
             ... invoked by an orc priest
              (13 damage)
             ... on level 4 of the Dungeon.
             The game lasted 00:14:24 (4170 turns).

browni3141 the Magician (Djinni Fire Elementalist)  Turns: 4170, Time: 00:14:25

Health: -11/52     AC:  6    Str:  9    XL:     7   Next: 84%
Gold:   183        EV: 11    Int: 17    God:    Makhleb [*.....] SH:  5 Dex: 13

rFire   + + +      SeeInvis .    (no weapon)
rCold   x . .      Faith    .    i - +0 buckler
rNeg    . . .      Spirit   .    l - +3 leather armour {rF+}
rPois   ∞          Reflect  .    (no helmet)
rElec   .          Harm     .    (no cloak)
rCorr   .          Rampage  .    (no gloves)
Will    .....                    (boots unavailable)
Stlth   ++                       (no amulet)
HPRegen 0.28/turn                d - +4 ring of slaying
MPRegen 0.00/turn                (no ring)

@: flying
A: sickness immunity, fire resistance 2, cold vulnerability 1, float, innate
caster, HP casting, extra vitality 1
a: Renounce Religion


You were on level 4 of the Dungeon.
You worshipped Makhleb.
Makhleb was aware of your devotion.
You visited 1 branch of the dungeon, and saw 4 of its levels.

You collected 183 gold pieces.

Inventory:

Armour
 a - a +0 robe
 i - a +0 buckler (worn)
 l - a +3 leather armour of fire resistance (worn)
Jewellery
 d - a +4 ring of slaying (left hand)
Wands
 k - a wand of roots (6)
 n - a wand of charming (1)
Scrolls
 c - a scroll of torment {unknown}
 e - 3 scrolls of enchant armour
 h - 2 scrolls of noise
 m - a scroll of teleportation
 q - a scroll of fog {unknown}
Potions
 b - a potion of magic
 f - a potion of might
 g - 2 potions of cancellation {unknown}
 j - a potion of berserk rage {unknown}
 o - a potion of attraction {unknown}
 p - a potion of degeneration {unknown}


   Skills:
 - Level 4.0 Fighting
 - Level 2.1 Dodging
 - Level 1.5 Stealth
 * Level 3.6 Shields
 * Level 4.8 Spellcasting


You couldn't memorise any spells.
You knew the following spells:

 Your Spells              Type           Power      Damage    Failure   Level
a - Foxfire               Conj/Fire      80%        2x1d8     3%          1
b - Scorch                Fire           40%        2d7       5%          2
c - Kindle Blastsparks    Fire/Tloc/Air  40%        2d13      11%         3
d - Inner Flame           Hex/Fire       20%        N/A       11%         3
e - Flame Wave            Conj/Fire      20%        2d7       36%         4
f - Beastly Appendage     Tmut           40%        N/A       3%          1
g - Ensorcelled Hibernat  Hex/Ice        40%        N/A       5%          2
h - Poisonous Vapours     Pois/Air       40%        N/A       5%          2
Your spell library was empty.

Dungeon Overview and Level Annotations

Branches:
Dungeon (4/15)             Temple (0/1) D:4

Altars:
Makhleb
Ru
Trog
Uskayaw
Yredelemnul

Annotations:
D:4 Dowan, Edmund


Innate Abilities, Weirdness & Mutations

You are immune to sickness and miasma.
You are immune to poison.
Your flesh is very heat resistant. (rF++)
You are vulnerable to cold. (rC-)
You float through the air rather than walking.
You learn spells naturally, not from books.
Your magical power is your life essence.
You have superior vitality. (+4 MHP)


Message History

Confirm with . or Enter, or press ? or * to list all spells.
Flames lash the orc.
The orc is almost dead.
The orc's fire resistance burns away.
* * * LOW HITPOINT WARNING * * *
Edmund barely misses your orc priest.
Your orc priest casts a cantrip, but nothing happens.
Casting: Scorch (safe; 5% risk of failure)
Confirm with . or Enter, or press ? or * to list all spells.
Flames lash the orc.
The orc is burned terribly!
You kill the orc!
Makhleb accepts your kill.
* * * LOW HITPOINT WARNING * * *
Edmund completely misses your orc priest.
Your orc priest hits Edmund but does no damage.
Casting: Scorch (safe; 5% risk of failure)
Confirm with . or Enter, or press ? or * to list all spells.
Flames lash Edmund but do no damage.
* * * LOW HITPOINT WARNING * * *
Edmund hits your orc priest with a +0 dire flail of protection.
The orc priest calls down the wrath of Beogh upon you.
Pain shoots through your body!
* * * LOW HITPOINT WARNING * * *
Your orc priest hits Edmund but does no damage.
Your orc priest closely misses Edmund.
Casting: Scorch (safe; 5% risk of failure)
Confirm with . or Enter, or press ? or * to list all spells.
Flames lash Edmund but do no damage.
* * * LOW HITPOINT WARNING * * *
Edmund hits your orc priest with a +0 dire flail of protection!
Your orc priest dies!
A goblin comes into view. It is wielding a +0 dagger.
Your orc priest looks braver for a moment.
Casting: Scorch (safe; 5% risk of failure)
Confirm with . or Enter, or press ? or * to list all spells.
Flames lash Edmund but do no damage.
* * * LOW HITPOINT WARNING * * *
The orc priest mumbles some strange prayers to Beogh against you.
Beogh smites you!
You die...

#.......#..............#§≈§#.>.#§
####...##..##..........#≈§§#...#≈
###.............#...#≈§≈#####≈
#.................#≈§§§≈≈≈≈≈
###...........o#..#≈§§≈§§≈≈≈
#............##..#≈≈≈≈≈≈≈≈§
#........(...#o..##########
#.##..####.#....##
......#.#.@###..## # .......o@#
#@<.#.# .....#..☼###.....# ...
##○)#.#...#..... .
##.....####...? ...........# ...)
. ......#...## ### .. ......##g.#
...... #..#


You could see Edmund (ally target), an orc priest, a goblin and a friendly orc
priest (charmed).

Vanquished Creatures
  Grinder (D:3)
  Duvessa (D:4)
  3 orc priests
  Ijyb (D:3)
  An orc wizard (D:4)
  Natasha (twice) (D:4)
  A gnoll (D:1)
  4 adders (D:2)
  3 shadow imps (D:3)
  An ufetubus (D:4)
  4 worms (D:3)
  3 dart slugs
  5 orcs
  6 endoplasms
  3 giant cockroaches
  3 goblins
  7 hobgoblins
  6 jackals
  3 kobolds
  4 quokkas
  5 ball pythons
  10 bats
  4 frilled lizards
  8 rats
89 creatures vanquished.

Vanquished Creatures (collateral kills)
  13 foxfires (D:3)
13 creatures vanquished.

Vanquished Creatures (others)
  An orc priest (D:4)
  240 foxfires
241 creatures vanquished.

Grand Total: 343 creatures vanquished

Notes
Turn   | Place    | Note
-------+----------+-------------------------------------------
     0 | D:1      | browni3141 the Djinni Fire Elementalist began the quest for
                  | the Orb.
     0 | D:1      | browni3141 set off with the following spells memorised:
                  | Foxfire, Scorch, Kindle Blastsparks, Inner Flame, Flame
                  | Wave.
     0 | D:1      | Reached XP level 1. HP: 15/15 MP: 0/0
    43 | D:1      | Reached skill level 1 in Fighting
    43 | D:1      | Reached XP level 2. HP: 17/22 MP: 0/0
   410 | D:1      | Reached XP level 3. HP: 27/27 MP: 0/0
   410 | D:1      | Learned a level 1 spell: Beastly Appendage
   941 | D:2      | Reached XP level 4. HP: 33/33 MP: 0/0
  1174 | D:2      | Identified the +0 leather armour of Noughts and Crosses
                  | {rElec rC- rCorr Dex-2}
  1718 | D:2      | Reached XP level 5. HP: 36/38 MP: 0/0
  1718 | D:2      | Learned a level 2 spell: Ensorcelled Hibernation
  1928 | D:3      | Found a hide-covered altar of Uskayaw.
  2040 | D:3      | Found a burning altar of Makhleb.
  2050 | D:3      | Became a worshipper of Makhleb the Destroyer
  2101 | D:3      | Noticed Ijyb
  2115 | D:3      | Killed Ijyb
  2424 | D:3      | Found a transporter.
  2510 | D:3      | Found a transporter.
  2601 | D:3      | Found a basalt altar of Yredelemnul.
  2740 | D:3      | Noticed Grinder
  2753 | D:3      | Killed Grinder
  2754 | D:3      | Reached XP level 6. HP: 34/46 MP: 0/0
  2798 | D:3      | Noticed a moth of wrath
  2801 | D:3      | Found a bloodstained altar of Trog.
  3417 | D:3      | Reached XP level 7. HP: 34/50 MP: 0/0
  3417 | D:3      | Learned a level 2 spell: Poisonous Vapours
  3604 | D:4      | Noticed Duvessa
  3604 | D:4      | Noticed Dowan
  3687 | D:4      | Found a sacrificial altar of Ru.
  3771 | D:4      | Noticed Natasha
  3777 | D:4      | Killed Natasha
  3846 | D:4      | Reached * piety under Makhleb
  3927 | D:4      | Killed Duvessa
  4061 | D:4      | Found a staircase to the Ecumenical Temple.
  4095 | D:4      | Noticed Edmund
  4151 | D:4      | Noticed Natasha
  4159 | D:4      | Killed Natasha
  4170 | D:4      | Killed from afar by an orc priest

Illustrated notes

Levels and vault maps discovered:
D:1:      spicycebolla_arrival_xxxplode, layout_loops_ring, serial_glass,
          glass_columns_c, glass_columns_a, glass_columns_a, glass_columns_a,
          glass_columns_a, minmay_strange_pillars, feat_on_display,
          feat_on_display, minmay_strange_pillars
D:2:      layout_loops_corners
D:3:      gammafunk_wand_slinger, layout_basic, bloody_makhleb, tgw_trog,
          lemuel_crystal_altar, old_standard_altar, uniq_grinder, uniq_ijyb
D:4:      layout_cave_pools, nicolae_vehumet_altar_sigil, hangedman_ru_absence,
          nicolae_kikubaaqudgha_miasma_corner, minmay_temple_entry_poolview,
          uniq_edmund, uniq_natasha, uniq_duvessa

Skill      XL: |  1  2  3  4  5  6  7 |
---------------+----------------------+-----
Fighting       | 1 2 3 4 |  4.0
Spellcasting   | 3 4 |  4.8
Shields        | 2 3 |  3.6
Dodging        | |  2.1
Stealth        | |  1.5

Action                   |  1- 3 |  4- 6 |  7- 9 || total
-------------------------+-------+-------+-------++-------
Melee: Unarmed           |     2 |     2 |     1 ||     5
 Cast: Foxfire           |    41 |    81 |    30 ||   152
       Scorch            |     2 |    20 |    14 ||    36
       Kindle Blastspark |       |     2 |     1 ||     3
       Ensorcelled Hiber |       |     1 |       ||     1
       Poisonous Vapours |       |       |     3 ||     3
       Inner Flame       |       |       |     1 ||     1
Evoke: Wand              |       |       |     3 ||     3
  Use: Scroll            |       |       |     4 ||     4
 Stab: Sleeping          |     2 |     1 |       ||     3
Armor: Robe              |     4 |     6 |       ||    10
       Leather armour    |       |     1 |     4 ||     5
Dodge: Dodged            |     1 |    21 |     9 ||    31
Block: Buckler           |       |     4 |     4 ||     8

Table legend: (Time is in decaauts)
 A = Elapsed time spent in this place.
 B = Non-inter-level travel time spent in this place.
 C = Inter-level travel time spent in this place.
 D = Time resting spent in this place.
 E = Time spent auto-exploring this place.
 F = Levels seen in this place.
 G = Mean time per level.
                   A        B        C        D        E       F      G
               +--------+--------+--------+--------+--------+-----+--------+
         Total |   4169 |   3902 |    267 |    463 |   2695 |   4 | 1042.2 |
       Dungeon |   4169 |   3902 |    267 |    463 |   2695 |   4 | 1042.2 |
               +--------+--------+--------+--------+--------+-----+--------+

Top non-repeatable levels by time:
     D:3: 1743 daAuts
     D:2: 1016 daAuts
     D:1: 904 daAuts
     D:4: 504 daAuts
